 Dungeon Crawl Stone Soup version 0.29.1-1-gd02db6906a (webtiles) character file.

Game seed: 2732739517773290915

21 sanboga the Chopper (level 2, -1/27 HPs)
             Began as a Minotaur Monk on Sept 29, 2022.
             Slain by Sigmund
             ... wielding a +0 scythe
              (11 damage)
             ... on level 2 of the Dungeon.
             The game lasted 00:01:28 (1151 turns).

sanboga the Chopper (Minotaur Monk)                 Turns: 1151, Time: 00:01:29

Health: -1/27      AC:  2    Str: 15    XL:     2   Next: 65%
Magic:  1/1        EV: 12    Int:  7    God:
Gold:   37         SH:  0    Dex: 12    Spells: 1/1 levels left

rFire   . . .      SeeInvis .   a - +0 hand axe
rCold   . . .      Faith    .   (no shield)
rNeg    . . .      Spirit   .   b - +0 robe
rPois   .          Reflect  .   (helmet restricted)
rElec   .          Harm     .   (no cloak)
rCorr   .          Rampage  .   (no gloves)
Will    .....                   (no boots)
Stlth   ++........              k - amulet of regeneration
HPRegen 0.89/turn               (no ring)
MPRegen 0.07/turn               (no ring)

@: no status effects
A: horns 2, retaliatory headbutt
a: no special abilities


You were on level 2 of the Dungeon.
You visited 1 branch of the dungeon, and saw 2 of its levels.

You collected 37 gold pieces.

Inventory:

Hand Weapons
 a - a +0 hand axe (weapon)
Armour
 b - a +0 robe (worn)
Jewellery
 k - an amulet of regeneration (around neck)
Scrolls
 e - a scroll of amnesia {unknown}
 f - a scroll of blinking {unknown}
 g - a scroll of enchant armour {unknown}
 h - a scroll of fog {unknown}
 i - a scroll of immolation {unknown}
 j - a scroll of enchant weapon {unknown}
 l - 5 scrolls of identify {unknown}
Potions
 c - a potion of ambrosia
 d - a potion of might {unknown}
 m - a potion of curing {unknown}


   Skills:
 + Level 3.9 Fighting
 * Level 4.3 Axes
 + Level 1.2 Armour
 - Level 3.2 Dodging
 - Level 1.5 Stealth


You had one spell level left.
You didn't know any spells.
Your spell library contained the following spells:

 Spells                   Type           Power      Damage    Failure   Level
 Slow                     Hex            0%         N/A       43%         1
 Confusing Touch          Hex            0%         N/A       80%         3
 Summon Guardian Golem    Hex/Summ       0%         N/A       80%         3
 Vampiric Draining        Necr           0%         2d6       80%         3
 Orb of Destruction       Conj           0%         9d5       100%        7
 Spellforged Servitor     Conj/Summ      0%         N/A       100%        7


Dungeon Overview and Level Annotations

Branches:
Dungeon (2/15)

Altars:

Annotations:
D:2 Sigmund


Innate Abilities, Weirdness & Mutations

You have a pair of horns on your head.
You reflexively headbutt those who attack you in melee.


Message History

The puff of flame misses you.
You hit Sigmund. Your headbutt misses Sigmund.
Sigmund is lightly wounded.
Sigmund drinks a potion.
Sigmund seems to speed up.
You barely miss Sigmund.
Sigmund is lightly wounded.
Sigmund barely misses you.
You completely miss Sigmund.
Sigmund is lightly wounded.
Sigmund gestures at you while chanting. You resist with significant effort.
Sigmund barely misses you.
You closely miss Sigmund.
Sigmund is lightly wounded.
Sigmund closely misses you.
You hit Sigmund but do no damage. You headbutt Sigmund, but do no damage.
Sigmund is lightly wounded.
Sigmund says, "Your kind have come here before.
I understand now why.
You desire death..."
Sigmund hits you with a +0 scythe.
You barely miss Sigmund. You headbutt Sigmund!
Sigmund is heavily wounded.
Sigmund points at you and mumbles some strange words.
You resist with significant effort.
You barely miss Sigmund.
Sigmund is heavily wounded.
Sigmund barely misses you.
You hit Sigmund.
Sigmund is heavily wounded.
Sigmund closely misses you.
You hit Sigmund but do no damage.
Sigmund is heavily wounded.
Sigmund misses you.
You hit Sigmund but do no damage.
Sigmund is heavily wounded.
Sigmund hits you with a +0 scythe. Sigmund casts a spell at you.
The puff of flame hits you!
You barely miss Sigmund.
Sigmund is heavily wounded.
Sigmund hits you with a +0 scythe!
You die...

##........###
#...........
#..........#
#).........########
#..$................
#...................
##....@............#
#......@..............
#..................#.# #
#..................#.# .
#..................#.#..
#..................#.#.#
##>.....................
##......#...........###
########...##.).......
###......##....


You could see Sigmund (fast).

Vanquished Creatures
  A worm (D:2)
  A dart slug (D:1)
  2 giant cockroaches (D:1)
  A goblin (D:1)
  2 hobgoblins (D:1)
  2 quokkas
  2 bats (D:1)
  A frilled lizard (D:1)
  3 kobolds
15 creatures vanquished.

Vanquished Creatures (others)
  4 toadstools (D:1)
4 creatures vanquished.

Grand Total: 19 creatures vanquished

Notes
Turn   | Place    | Note
-------+----------+-------------------------------------------
     0 | D:1      | sanboga the Minotaur Monk began the quest for the Orb.
     0 | D:1      | Reached XP level 1. HP: 19/19 MP: 0/0
   252 | D:1      | Reached skill level 4 in Axes
   255 | D:1      | Reached XP level 2. HP: 20/27 MP: 1/1
   504 | D:1      | Reached skill level 1 in Armour
   570 | D:1      | Found a faded altar of an unknown god.
  1064 | D:2      | Noticed Sigmund
  1151 | D:2      | Slain by Sigmund

Illustrated notes

Levels and vault maps discovered:
D:1:      ldierk_water_garden, layout_basic,
          shapermc_ecumenical_altar_mp_urbaneastern
D:2:      layout_rooms, uniq_sigmund

Skill      XL: |  1  2 |
---------------+-------+-----
Axes           | 4 |  4.3
Armour         | 1 |  1.2
Fighting       | |  3.9
Dodging        | |  3.2
Stealth        | |  1.5

Action                   || total
-------------------------++-------
Melee: Hand axe          ||    45
       Headbutt          ||     7
 Stab: Sleeping          ||     3
Armor: Robe              ||     5
Dodge: Dodged            ||    19
